 Dungeon Crawl Stone Soup version 0.17.1-3-g152610e (webtiles) character file.

97 Peloso the Shield-Bearer (level 4, -6/40 HPs)
             Began as a Minotaur Fighter on Apr 23, 2016.
             Mangled by a wyvern skeleton (9 damage)
             ... on level 3 of the Dungeon.
             The game lasted 00:02:56 (1561 turns).

Peloso the Shield-Bearer (Minotaur Fighter)         Turns: 1561, Time: 00:02:56

Health: -6/40      AC:  9    Str: 21    XL:     4   Next: 42%
Magic:  3/3        EV:  6    Int:  5    God:
Gold:   139        SH:  9    Dex: 10    Spells: 0 memorised, 3 levels left

rFire  . . .     SeeInvis .     a - +0 long sword
rCold  . . .     Clarity  .     i - +0 chain mail
rNeg   . . .     SustAt   .     c - +0 shield
rPois  .         Gourm    .     (helmet restricted)
rElec  .         Spirit   .     (no cloak)
rCorr  .         Warding  .     (no gloves)
rMut   .         Stasis   .     (no boots)
MR     .....                    (no amulet)
Stlth  ..........               (no ring)
                                (no ring)

@: not resistant to hostile enchantments, extremely unstealthy
A: retaliatory headbutt, horns 2
a: no special abilities


You were on level 3 of the Dungeon.
You were not hungry.

You visited 1 branch of the dungeon, and saw 3 of its levels.

You collected 139 gold pieces.

Inventory:

Hand Weapons
 a - a +0 long sword (weapon)
Armour
 b - a +0 scale mail
 c - a +0 shield (worn)
 i - a +0 chain mail (worn)
Jewellery
 n - an uncursed ring of positive energy {unknown}
Scrolls
 g - 3 scrolls of identify {unknown}
 h - 2 scrolls of enchant weapon {unknown}
 k - 2 scrolls of teleportation {unknown}
 l - a scroll of fear {unknown}
 m - a scroll of fog {unknown}
Potions
 d - a potion of might
 f - a potion of brilliance {unknown}
 j - a potion of curing {unknown}
 o - a potion of haste {unknown}
 r - a potion of heal wounds {unknown}
Comestibles
 e - a bread ration
 p - a meat ration
 q - a chunk of flesh


   Skills:
 + Level 4.3 Fighting
 + Level 3.3 Long Blades
 + Level 4.1 Armour
 + Level 1.4 Dodging
 + Level 4.6 Shields


You had 3 spell levels left.
You didn't know any spells.

Dungeon Overview and Level Annotations

Branches:
Dungeon (3/15)

Altars:


Innate Abilities, Weirdness & Mutations

You reflexively headbutt those who attack you in melee.
You have a pair of horns on your head.


Message History

* * * LOW HITPOINT WARNING * * *
You hit the wyvern skeleton. You headbutt the wyvern skeleton.
The wyvern skeleton bites you!
* * * LOW HITPOINT WARNING * * *
You hit the wyvern skeleton but do no damage.
You headbutt the wyvern skeleton. You block the wyvern skeleton's attack.
The wyvern skeleton barely misses you.
You hit the wyvern skeleton but do no damage.
Your headbutt misses the wyvern skeleton.
You block the wyvern skeleton's attack. The wyvern skeleton bites you.
* * * LOW HITPOINT WARNING * * *
You block the wyvern skeleton's attack.
A rat comes into view.
The rat bites you but does no damage. The wyvern skeleton barely misses you.
You furiously retaliate!
You headbutt the wyvern skeleton. You block the rat's attack.
You block the rat's attack.
The kobold throws a stone.
You block the stone. The rat bites you but does no damage.
The wyvern skeleton bites you!
You die...

##########
#........#
#........#
#........#
#.@r.....#
###..Z.....#
.##....K.....#
.............#
........K....##
.............#
#............#
##..(.........#
#......##.#####


You could see 2 kobolds, a rat and a wyvern skeleton.

Vanquished Creatures
  Robin (D:2)
  4 adders
  An adder skeleton (D:3)
  A worm (D:2)
  2 giant geckos (D:1)
  2 giant cockroaches (D:1)
  8 hobgoblins
  6 kobolds
  A ball python (D:1)
  3 bats
  2 giant newts (D:2)
  11 goblins
  2 rats
44 creatures vanquished.

Notes
Turn   | Place    | Note
--------------------------------------------------------------
     0 | D:1      | Peloso the Minotaur Fighter began the quest for the Orb.
     0 | D:1      | Reached XP level 1. HP: 19/19 MP: 0/0
   174 | D:1      | Reached XP level 2. HP: 21/26 MP: 1/1
   307 | D:1      | Reached skill level 4 in Shields
   643 | D:2      | Reached XP level 3. HP: 33/33 MP: 2/2
   655 | D:2      | Noticed Robin
   671 | D:2      | Killed Robin
  1011 | D:2      | Reached skill level 1 in Dodging
  1011 | D:2      | Reached XP level 4. HP: 40/40 MP: 3/3
  1551 | D:3      | HP: 2/40 [wyvern skeleton (2)]
  1561 | D:3      | Mangled by a wyvern skeleton

Action                   |  1- 3 |  4- 6 || total
-------------------------+-------+-------++-------
Melee: Long sword        |    75 |    29 ||   104
  Eat: Chunk             |       |     2 ||     2
